 Dungeon Crawl Stone Soup version 0.19.1-1-g22dce08 (webtiles) character file.

242 theAP the Skirmisher (level 6, -14/51 HPs)
             Began as a Formicid Fighter on Jan 3, 2017.
             Demolished by an ogre
             ... wielding a +0 giant spiked club
              (30 damage)
             ... on level 4 of the Dungeon.
             The game lasted 00:06:59 (2773 turns).

theAP the Skirmisher (Formicid Fighter)             Turns: 2773, Time: 00:06:59

Health: -14/51     AC:  7    Str: 23    XL:     6   Next: 30%
Magic:  6/6        EV:  8    Int:  7    God:
Gold:   104        SH:  9    Dex: 10    Spells: 0 memorised, 5 levels left

rFire  . . .     SeeInvis +     a - +0 flail
rCold  + . .     Gourm    .     d - +1 ring mail {rC+}
rNeg   . . .     Faith    .     c - +0 shield
rPois  .         Spirit   .     (helmet unavailable)
rElec  .         Reflect  .     (no cloak)
rCorr  .         Harm     .     (no gloves)
MR     .....                    h - +0 pair of boots
Stlth  ..........               (no amulet)
                                (no ring)
                                n - ring of see invisible

@: no status effects
A: permanent stasis, dig shafts and tunnels, four strong arms, antennae 3
a: Dig, Shaft Self


You were on level 4 of the Dungeon.
You were hungry.

You visited 1 branch of the dungeon, and saw 4 of its levels.

You collected 104 gold pieces.

Inventory:

Hand Weapons
 a - a +0 flail (weapon)
 m - a cursed -2 whip
Armour
 b - a +0 scale mail
 c - a +0 shield (worn)
 d - a +1 ring mail of cold resistance (worn)
 h - a +0 pair of boots (worn)
 k - a +0 helmet
Jewellery
 n - a ring of see invisible (left hand)
Wands
 e - a wand of random effects (13/48)
Potions
 i - a potion of heal wounds {unknown}
 j - 2 potions of flight
 l - a potion of curing {unknown}
 o - 2 potions of cure mutation
 p - a potion of brilliance {unknown}
 q - a potion of invisibility {unknown}
 r - 2 potions of might
 s - a potion of resistance {unknown}
Comestibles
 f - 4 bread rations
 g - 2 fruits


   Skills:
 + Level 5.0 Fighting
 * Level 4.8 Maces & Flails
 - Level 3.4 Armour
 - Level 3.9 Shields


You had 5 spell levels left.
You didn't know any spells.

Dungeon Overview and Level Annotations

Branches:
Dungeon (4/15)
 Temple: D:4-7

Altars:
Hepliaklqana
Kikubaaqudgha
Makhleb
Nemelex Xobeh
The Shining One


Innate Abilities, Weirdness & Mutations

You are under a permanent stasis effect.
You can dig through walls and to a lower floor.
Your four strong arms can wield two-handed weapons with a shield.
You have a pair of large antennae on your head. (SInv)


Message History

The hound bites you. The hound bites you but does no damage.
The ogre barely misses you.
You barely miss the ogre. The hound closely misses you.
You block the hound's attack.
An ogre comes into view. It is wielding a giant spiked club.
You barely miss the ogre. The hound bites you but does no damage.
The ogre hits you but does no damage.
The ogre moves out of view.
The hound bites you.
You barely miss the ogre. The hound bites you but does no damage.
The ogre barely misses you. The hound bites you.
You barely miss the ogre. The hound barely misses you.
The ogre hits you with a giant spiked club!!
Ouch! That really hurt!
You block the hound's attack.
You hit the ogre.
The ogre is lightly wounded.
The hound bites you but does no damage.
The ogre hits you with a giant spiked club!!
Ouch! That really hurt!
You die...

..#..# #...#
#...#
##...##
##.....##
##..##...##
#<.####..>##
#.## ##...#
#.# #..@#
### #.hO#
#..Z#
#...O..#
#.....O#
#.......#
#.....%##
.=......
...###..ZP


You could see 2 ogres, a hound and an adder skeleton.

Vanquished Creatures
  The ghost of theAP the Ducker, an amateur SpMo (D:3)
  A centaur skeleton (D:3)
  Ijyb (D:2)
  A worker ant (D:4)
  3 adders
  2 worms
  A leopard gecko (D:1)
  3 orcs (D:3)
  2 giant cockroaches (D:2)
  12 goblins
  9 hobgoblins
  2 jackals (D:1)
  A quokka (D:3)
  3 ball pythons
  4 bats
  A frilled lizard (D:2)
  8 kobolds
  9 rats
64 creatures vanquished.

Notes
Turn   | Place    | Note
-------+----------+-------------------------------------------
     0 | D:1      | theAP the Formicid Fighter began the quest for the Orb.
     0 | D:1      | Reached XP level 1. HP: 18/18 MP: 1/1
    41 | D:1      | Reached XP level 2. HP: 24/24 MP: 2/2
   453 | D:1      | Reached XP level 3. HP: 29/29 MP: 3/3
   862 | D:2      | Noticed Ijyb
   889 | D:2      | Killed Ijyb
   889 | D:2      | Reached skill level 4 in Fighting
   889 | D:2      | Reached XP level 4. HP: 8/37 MP: 4/4
  1581 | D:2      | Found a sparkling altar of Nemelex Xobeh.
  1866 | D:3      | Reached XP level 5. HP: 43/43 MP: 5/5
  1982 | D:3      | Found a faded altar of an unknown god.
  1982 | D:3      | Found a faded altar of an unknown god.
  1990 | D:3      | Found a faded altar of an unknown god.
  1993 | D:3      | Found a hazy altar of Hepliaklqana.
  1995 | D:3      | Found a faded altar of an unknown god.
  2115 | D:3      | Found a burning altar of Makhleb.
  2121 | D:3      | Found an ancient bone altar of Kikubaaqudgha.
  2224 | D:3      | Noticed theAP's ghost (amateur SpMo)
  2252 | D:3      | Killed theAP's ghost
  2252 | D:3      | Reached XP level 6. HP: 14/50 MP: 6/6
  2682 | D:3      | Found a glowing golden altar of the Shining One.
  2762 | D:4      | Noticed an ogre
  2768 | D:4      | Reached skill level 5 in Fighting
  2770 | D:4      | Noticed an ogre
  2773 | D:4      | Demolished by an ogre

Skill      XL: |  1  2  3  4  5  6 |
---------------+-------------------+-----
Fighting       | 4 5 |  5.0
Maces & Flails | 3 4 |  4.8
Armour         | |  3.4
Shields        | |  3.9

Action                   |  1- 3 |  4- 6 || total
-------------------------+-------+-------++-------
Melee: Flail             |   130 |   159 ||   289
  Use: Scroll            |     3 |     9 ||    12
       Potion            |     1 |       ||     1
  Eat: Chunk             |       |     5 ||     5
       Fruit             |       |     1 ||     1
Armor: Scale mail        |    52 |     1 ||    53
       Ring mail         |       |    57 ||    57
Dodge: Dodged            |    54 |    52 ||   106
Block: Shield            |    72 |    78 ||   150
